 Dungeon Crawl Stone Soup version 0.31-a0-1540-g5a0b83f448 (webtiles) character file.

Game seed: 16694261369003759608

798 Persephone the Ruffian (level 7, 0/38 HPs)
             Began as a Vine Stalker Berserker on Jan 1, 2024.
             Was a Believer of Trog.
             Slain by a killer bee (3 damage)
             ... on level 4 of the Dungeon.
             The game lasted 00:03:50 (2927 turns).

Persephone the Ruffian (Vine Stalker Berserker)     Turns: 2927, Time: 00:03:51

Health: 0/38       AC:  3    Str: 22    XL:     7   Next: 90%
Magic:  0/8        EV: 11    Int:  7    God:    Trog [**....]
Gold:   91         SH:  0    Dex: 13    Spells: 6/6 levels left

rFire   . .          .
                       - Unarmed
rCold   . . .        (no shield)
rNeg    . . .        i - +0 leather armour
rPois   .            (no helmet)
rElec   .            (no cloak)
rCorr   .            (no gloves)
SInv    .            (no boots)
Will    .....        (no amulet)
Stlth   +            (no ring)
HPRegen 1.06/turn    (no ring)
MPRegen 0.11/turn

%: guardian spirit
@: no status effects
A: fangs 2, regeneration 1, magic shield, antimagic bite, no potion heal 2
a: Renounce Religion, Berserk, Trog's Hand


You were on level 4 of the Dungeon.
You worshipped Trog.
Trog was pleased with you.
You visited 1 branch of the dungeon, and saw 4 of its levels.

You collected 91 gold pieces.

Inventory:

Missiles
 o - a throwing net
Armour
 a - a +0 animal skin
 i - a +0 leather armour (worn)
Wands
 j - a wand of mindburst (11)
Scrolls
 b - 4 scrolls of teleportation {unknown}
 c - 2 scrolls of identify {unknown}
 e - 2 scrolls of amnesia {unknown}
 f - a scroll of immolation {unknown}
 h - a scroll of enchant weapon {unknown}
 l - a scroll of vulnerability {unknown}
 m - a scroll of enchant armour {unknown}
 n - a scroll of poison {unknown}
Potions
 d - 4 potions of curing
 g - a potion of lignification {unknown}
 k - a potion of degeneration {unknown}
 p - a potion of might {unknown}


   Skills:
 + Level 4.7 Fighting
 + Level 3.8 Armour
 - Level 1.5 Dodging
 * Level 6.7 Unarmed Combat


You had 6 spell levels left.
You didn't know any spells.
Your spell library was empty.

Dungeon Overview and Level Annotations

Branches:
Dungeon (4/15)
 Temple: D:4-7

Altars:
Ashenzari
Elyvilon
Hepliaklqana
Xom
Yredelemnul

Annotations:
D:4 4 runed translucent doors


Innate Abilities, Weirdness & Mutations

You have extremely sharp teeth.
Your natural rate of healing is unusually fast.
When hurt, damage is shared between your health and your magic reserves.
Your bite disrupts and absorbs the magic of your enemies.
Potions cannot restore your health.


Message History

You are too injured to fight recklessly!
You are too injured to fight recklessly!
You are too injured to fight recklessly!
You punch the iguana!
You kill the iguana!
Trog accepts your kill.
You miss the killer bee. Your bite misses the killer bee.
Your skin stops crawling.
You feel less strong-willed. The killer bee stings you.
A hobgoblin comes into view.
The killer bee closely misses you.
You barely miss the killer bee. Your bite misses the killer bee.
The killer bee stings you. The killer bee closely misses you.
You barely miss the killer bee. You bite the killer bee. You drain its power.
You feel invigorated.
The killer bee is lightly wounded.
The killer bee stings you.
* * * LOW HITPOINT WARNING * * *
You are poisoned.
The killer bee poisons you! The killer bee completely misses you.
You punch the killer bee! Your bite misses the killer bee.
The killer bee is severely wounded.
You feel sick. The killer bee stings you.
* * * LOW HITPOINT WARNING * * *
You are more poisoned.
The killer bee poisons you!
You hit the killer bee but do no damage.
Your bite misses the killer bee.
The killer bee is severely wounded.
You feel sick. The killer bee barely misses you. The killer bee stings you.
* * * LOW HITPOINT WARNING * * *
You miss the killer bee. Your punch misses the killer bee.
Your bite misses the killer bee.
The killer bee is severely wounded.
* * * LOW HITPOINT WARNING * * *
You feel sick. The killer bee barely misses you.
The killer bee closely misses you.
It was a potion of curing.
Your system rejects the healing.
You feel better. The killer bee closely misses you. The killer bee stings you.
You die...

8....8#...#
:....(#...#
(..../#...#
....8#†###
#####8Fh8##..).
##.'.##++##..... #
#.##............
#.####†#............
#y@..##.....#......
.######..###+#......
........##...#######
......>.......#.....
..............#.....
.#######......#.....
#......#.....
#.#....###'##
#.#....#....)


You could see a killer bee.

Vanquished Creatures
  Grinder (D:3)
  Sigmund (D:2)
  A phantom (D:4)
  A bombardier beetle (D:3)
  Jessica (D:2)
  Ijyb (D:3)
  Natasha (D:2)
  3 iguanas (D:4)
  7 gnolls (D:4)
  4 adders
  A dart slug (D:1)
  4 ribbon worms
  5 orcs
  7 endoplasms
  A giant cockroach (D:2)
  4 goblins
  5 hobgoblins
  8 jackals
  4 kobolds
  4 quokkas
  7 ball pythons
  5 bats
  2 frilled lizards (D:2)
  5 rats
83 creatures vanquished.

Notes
Turn   | Place    | Note
-------+----------+-------------------------------------------
     0 | D:1      | Persephone the Vine Stalker Berserker began the quest for
                  | the Orb.
     0 | D:1      | Reached XP level 1. HP: 11/11 MP: 2/2
    68 | D:1      | Reached XP level 2. HP: 14/16 MP: 1/3
   992 | D:2      | Reached XP level 3. HP: 19/20 MP: 4/4
  1028 | D:2      | Noticed Sigmund
  1035 | D:2      | HP: 1/30 [something (12)]
  1039 | D:2      | Killed Sigmund
  1040 | D:2      | Reached skill level 4 in Unarmed Combat
  1040 | D:2      | Reached XP level 4. HP: 4/24 MP: 5/5
  1040 | D:2      | Reached XP level 5. HP: 5/28 MP: 6/6
  1280 | D:2      | Noticed Natasha
  1282 | D:2      | Reached ** piety under Trog
  1286 | D:2      | Killed Natasha
  1287 | D:2      | Reached skill level 5 in Unarmed Combat
  1345 | D:2      | Noticed Jessica
  1353 | D:2      | Killed Jessica
  1354 | D:2      | Reached XP level 6. HP: 33/33 MP: 7/7
  1711 | D:3      | Found a white marble altar of Elyvilon.
  1717 | D:3      | Found a shimmering altar of Xom.
  1719 | D:3      | Found a broken altar of Ashenzari.
  1719 | D:3      | Found a basalt altar of Yredelemnul.
  1719 | D:3      | Found a hazy altar of Hepliaklqana.
  1769 | D:3      | Noticed Ijyb
  1793 | D:3      | Killed Ijyb
  2283 | D:3      | Noticed Grinder
  2292 | D:3      | Killed Grinder
  2293 | D:3      | Reached skill level 6 in Unarmed Combat
  2293 | D:3      | Reached XP level 7. HP: 38/38 MP: 5/8
  2707 | D:4      | Found a large runed translucent door.
  2709 | D:4      | Found a large runed translucent door.
  2714 | D:4      | Found a large runed translucent door.
  2714 | D:4      | Found a large runed translucent door.
  2926 | D:4      | HP: 1/38 [poisoned by a killer bee]
  2927 | D:4      | Slain by a killer bee

Illustrated notes

Levels and vault maps discovered:
D:1:      dpeg_arrival_oval, layout_loops_ring, minmay_crystal_water
D:2:      layout_loops_corners, uniq_natasha, uniq_jessica, uniq_sigmund
D:3:      layout_basic, grunt_temple_overflow_open, uniq_grinder, uniq_ijyb
D:4:      layout_gridville, serial_shops, nicolae_shop_rolled_up,
          minmay_hollow_rounded_squares, uniq_duvessa, uniq_crazy_yiuf_cottage,
          uniq_menkaure

Skill      XL: |  1  2  3  4  5  6 |
---------------+-------------------+-----
Fighting       | 3 4 |  4.7
Armour         | 2 3 |  3.8
Unarmed Combat | 4 5 6 |  6.7
Dodging        | |  1.5

Action                     |  1- 3 |  4- 6 |  7- 9 || total
---------------------------+-------+-------+-------++-------
  Melee: Unarmed           |    54 |   106 |    68 ||   228
         Bite              |    10 |    23 |    20 ||    53
         Punch             |     1 |     3 |     2 ||     6
 Invoke: Berserk           |     1 |     2 |     2 ||     5
         Trog's Hand       |       |       |     1 ||     1
    Use: Potion            |       |       |     1 ||     1
   Stab: Sleeping          |     2 |     3 |     1 ||     6
 Armour: Animal skin       |    23 |    10 |       ||    33
         Leather armour    |       |    43 |    40 ||    83
  Dodge: Dodged            |    26 |    51 |    39 ||   116

Table legend: (Time is in decaauts)
 A = Elapsed time spent in this place.
 B = Non-inter-level travel time spent in this place.
 C = Inter-level travel time spent in this place.
 D = Time resting spent in this place.
 E = Time spent auto-exploring this place.
 F = Levels seen in this place.
 G = Mean time per level.
                   A        B        C        D        E       F      G
               +--------+--------+--------+--------+--------+-----+--------+
         Total |   2951 |   2883 |     68 |      0 |   2313 |   4 |  737.8 |
       Dungeon |   2951 |   2883 |     68 |      0 |   2313 |   4 |  737.8 |
               +--------+--------+--------+--------+--------+-----+--------+

Top non-repeatable levels by time:
     D:3: 921 daAuts
     D:2: 868 daAuts
     D:1: 767 daAuts
     D:4: 393 daAuts
